[Event "Late-Titled-Tuesday-Blitz-May-28-2024"]
[Site "Chess.com"]
[Date "2024.05.28"]
[Round "2"]
[White "fitod"]
[Black "becemix"]
[Result "1-0"]
[WhiteElo "2403"]
[BlackElo "2605"]
[TimeControl "180+1"]
[EndTime "14:18:57 PDT"]
[Termination "fitod won on time"]

1. f4 d5 2. Nf3 Bg4 3. e3 e6 4. Be2 Nf6 5. O-O Be7 6. h3 Bh5 7. b3 Nbd7 8. Bb2 O-O 9. g4 Bg6 10. Ne5 Nxe5 11. Bxe5 Nd7 12. Bb2 f6 13. d3 c6 14. Nd2 Bc5 15. d4 Bd6 16. Nf3 Be4 17.
c4 Qe8 18. Rc1 Rc8 19. Nd2 f5 20. Nxe4 fxe4 21. Rf2 Qe7 22. Qe1 Qh4 23. Rh2 Qxe1+ 24. Rxe1 g5 25. fxg5 Bxh2+ 26. Kxh2 Rf2+ 27. Kg3 Rcf8 28. Ba3 R8f7 29. Bd6 dxc4 30. bxc4 Nb6 31. Bf4 Rxe2 32.
Rxe2 Nxc4 33. h4 b5 34. h5 a5 35. Rc2 a4 36. Rc3 e5 37. dxe5 Rd7 38. e6 Rd3 39. Rxd3 exd3 40. Kf2 b4 41. g6 hxg6 42. hxg6 Nd2 43. e7 Ne4+ 44. Ke1 Nf6 45. g5 Ne8 46. Be5 c5 47. Kd2 c4 48. e4 a3 49. Ke3 b3 50. axb3 cxb3 51. Kxd3 b2 52. Kc2 a2 53. Kxb2 1-0

[Event "Late-Titled-Tuesday-Blitz-May-28-2024"]
[Site "Chess.com"]
[Date "2024.05.28"]
[Round "2"]
[White "Love7Unicorn"]
[Black "jamengrand"]
[Result "1-0"]
[WhiteElo "2534"]
[BlackElo "2326"]
[TimeControl "180+1"]
[EndTime "14:18:59 PDT"]
[Termination "Love7Unicorn won on time"]

1. d4 d5 2. c4 e6 3. g3 c5 4. cxd5 exd5 5. Nf3 Nc6 6. Bg2 Nf6 7. O-O cxd4 8. Nxd4 Bc5 9. Nb3 Bb6 10. Nc3 O-O 11.
Bg5 Be6 12. Rc1 h6 13. Bf4 g5 14. Bd2 d4 15. Na4 d3 16. Bc3 dxe2 17. Qxe2 Nd5 18. Nxb6 axb6 19. Rfd1 Nxc3 20. Rxc3 Qf6 21. a3 Bxb3 22.
Rxb3 Nd4 23. Qe3 Nxb3 24. Qxb3 Rad8 25. Bxb7 Rxd1+ 26. Qxd1 Qxb2 27. a4 Rb8 28. Qd7 Qf6 29.
Bd5 Rd8 30. Bxf7+ Kg7 31. Qc7 Qd6 32. Qc3+ Qd4 33. Qc7 Rd7 34. Qc8 Rxf7 35. Qc2 Qf6 36.
Kg2 Re7 37. Qd3 Qe5 38. Qd8 Qe4+ 39. Kg1 g4 40. Qd6 Qe1+ 41. Kg2 Qe4+ 42. Kg1 Qe6 43. Qd4+ Kh7 44. Qd3+ Qg6 45. Qd4 Rf7 46. Qd5 Qf5 47.
Qd2 h5 48. Kg2 Qf3+ 49. Kg1 1-0

[Event "Late-Titled-Tuesday-Blitz-May-28-2024"]
[Site "Chess.com"]
[Date "2024.05.28"]
[Round "2"]
[White "luca_va99"]
[Black "EsmeraldasAnderson03"]
[Result "0-1"]
[WhiteElo "2161"]
[BlackElo "2470"]
[TimeControl "180+1"]
[EndTime "14:19:00 PDT"]
[Termination "EsmeraldasAnderson03 won by resignation"]

1. e4 c5 2. Nf3 d6 3. d4 cxd4 4. Qxd4 Nf6 5. e5 Nc6 6. Bb5 dxe5 7. Qxd8+ Kxd8 8. Bxc6 bxc6 9. Nxe5 Ke8 10. O-O e6 11.
Nxc6 Bb7 12. Na5 Be4 13. c4 Bb4 14. Bd2 Bc5 15. b4 Bb6 16. Nb3 Bd3 17. Rc1 Ng4 18. c5 Bc7 19. g3 Ne5 20. Be3 Nf3+ 21. Kg2 Be4 22. Nc3 Bb7 23. Kf1 Nxh2+ 24. Ke1 Nf3+ 25. Ke2 Ne5 26. Nb5 Bf3+ 27. Kf1 Bb8 28. N3d4 Nd3 29. c6 Nxc1 30. c7 Bxc7 31. Nxc7+ Kd7 32. Nxa8 Bxa8 33.
Rxc1 Rb8 34. a3 Bd5 35. Bf4 Rb7 36. Ke2 f6 37. Kd3 e5 38. Ne2 exf4 39. Nxf4 Bf7 40. Rd1 Rc7 41. Rd2 h6 42. Ke4+ Kc6 43. Rc2+ Kb6 44.
Rxc7 Kxc7 45. Nd5+ Kc6 46. Ne7+ Kb5 47. Nf5 Bg6 48. g4 Ka4 49. Kf4 Bxf5 50. Kxf5 Kxa3 51. Kg6 Kxb4 52. Kxg7 a5 53. Kxf6 a4 54. Kg6 a3 55.
Kxh6 a2 56. f4 a1=Q 57. g5 Qh8+ 58. Kg6 Kc5 59. f5 Kd6 60. f6 Ke6 61. f7 Ke7 62. Kf5 Kxf7 63. g6+ Kg7 64. Kg5 Qh6+ 65. Kf5 Qxg6+ 0-1

[Event "Late-Titled-Tuesday-Blitz-May-28-2024"]
[Site "Chess.com"]
[Date "2024.05.28"]
[Round "2"]
[White "CarlssonLudvig"]
[Black "Kirill_Klukin"]
[Result "0-1"]
[WhiteElo "2562"]
[BlackElo "2895"]
[TimeControl "180+1"]
[EndTime "14:19:01 PDT"]
[Termination "Kirill_Klukin won by resignation"]

1. e4 c5 2. Nf3 Nc6 3. Bb5 g6 4. O-O Bg7 5. Re1 Nf6 6. Bxc6 dxc6 7. Na3 O-O 8. d3 b6 9. h3 Qc7 10. Qd2 Rd8 11. Nc4 Be6 12. Qf4 Qxf4 13. Bxf4 Bxc4 14. dxc4 Nh5 15. Be5 Bxe5 16. Nxe5 Rd6 17. Nd3 Rad8 18. b3 Ng7 19. a3 Ne6 20. b4 Nd4 21. bxc5 bxc5 22.
Nxc5 Nxc2 23. Nb7 Nxa1 24. Nxd8 Rxd8 25. Rxa1 Rd4 26. Rb1 Rxe4 27. Rb7 a5 28. Ra7 Re5 29. Rc7 Rc5 30. Rxe7 Rxc4 31. Ra7 a4 32. g3 Kg7 33. Kg2 Kf6 34. Ra5 h5 35. h4 Ke6 36. Ra7 Rd4 37.
Ra6 Kd5 38. Ra7 Ke6 39. Ra6 Rc4 40. Kf3 Kd5 41. Ra7 Rc3+ 42. Kf4 Rxa3 43. Rxf7 Ra2 44. Kg5 a3 45. Kxg6 Re2 46. Kxh5 a2 47. Ra7 c5 48. g4 c4 49. g5 Rxf2 50. g6 Rg2 51. Kh6 c3 52. g7 c2 53. Rd7+ Ke6 54. Rc7 a1=Q 55. Rxc2 Qxg7+ 0-1

[Event "Late-Titled-Tuesday-Blitz-May-28-2024"]
[Site "Chess.com"]
[Date "2024.05.28"]
[Round "2"]
[White "HansOnTwitch"]
[Black "Karttunen"]
[Result "1/2-1/2"]
[WhiteElo "3125"]
[BlackElo "2656"]
[TimeControl "180+1"]
[EndTime "14:19:06 PDT"]
[Termination "Game drawn by repetition"]

1. e4 c5 2. Nf3 d6 3. d4 cxd4 4.
Nxd4 Nf6 5. Nc3 a6 6. h3 e5 7. Nb3 h5 8. Bg5 Be6 9. Qf3 Nbd7 10.
O-O-O Rc8 11. Nd5 Bxd5 12. exd5 g6 13. g4 Bg7 14. Kb1 Qc7 15. Bd3 Kf8 16. c3 b5 17. Nd2 Qb7 18. Bc2 a5 19. Ne4 Nxe4 20. Bxe4 Kg8 21. Rc1 Nc5 22. Be3 Nxe4 23. Qxe4 Rc4 24.
Qg2 hxg4 25. hxg4 Rxh1 26. Rxh1 b4 27. Qh3 bxc3 28. b3 c2+ 29. Kc1 Qb4 30. bxc4 Qb1+ 31.
Kd2 Qb4+ 32. Kxc2 Qxc4+ 33. Kd2 Qb4+ 34. Ke2 Qc4+ 35. Kf3 Qxd5+ 36. Kg3 Qxa2 37. Qh7+ Kf8 38. Bh6 Qb3+ 39. Kh2 Bxh6 40. Qxh6+ Ke7 41. Qg5+ Ke6 42. Rc1 Qf3 43. Kg1 a4 44. Rc7 a3 45. Qe7+ Kd5 46. Qxf7+ Qxf7 47. Rxf7 Kc4 48. Ra7 Kb3 49. Kf1 a2 50.
Ke2 Kb2 51. Kd3 d5 52. Rb7+ Kc1 53. Ra7 Kb2 54. Rb7+ Kc1 55. Rc7+ Kb1 56. Rb7+ Kc1 1/2-1/2

[Event "Late-Titled-Tuesday-Blitz-May-28-2024"]
[Site "Chess.com"]
[Date "2024.05.28"]
[Round "2"]
[White "carloseduar100"]
[Black "Mackster23"]
[Result "0-1"]
[WhiteElo "2293"]
[BlackElo "2673"]
[TimeControl "180+1"]
[EndTime "14:19:06 PDT"]
[Termination "Mackster23 won by checkmate"]

1. d4 Nf6 2. Bg5 d5 3. Nd2 c5 4. Bxf6 gxf6 5. e3 e5 6. c3 Nc6 7.
Ne2 Rg8 8. g3 Bg4 9. Bg2 cxd4 10. exd4 exd4 11. cxd4 h5 12. O-O Bh6 13. Re1 Kf8 14. Nf3 Qd7 15. Nc3 h4 16. Qb3 h3 17.
Bh1 Rd8 18. Rad1 Kg7 19. Rd3 Qf5 20. Nd1 Na5 21. Qc3 Rc8 22. Qxa5 Qxd3 23. Qxd5 Rc1 24.
Qb3 Qxb3 25. axb3 Rd8 26. Kf1 Bf5 27. Ne3 Bd3+ 28. Kg1 Rxe1+ 29. Nxe1 Rxd4 30. Bxb7 Bxe3 31. fxe3 Rb4 32. Bd5 Bf5 33. Nf3 Be6 34. Bxe6 fxe6 35.
Nd4 e5 36. Nf5+ Kg6 37. Ne7+ Kf7 38. Nc6 Rxb3 39. Nxa7 Rxb2 40. Nc6 Rb1+ 41. Kf2 Rh1 42. g4 Rxh2+ 43. Kg3 Rc2 44. Nd8+ Ke7 45. Kxh3 Kxd8 46. e4 Ke7 47. g5 fxg5 48. Kg4 Kf6 49. Kh5 Rc4 50. Kg4 Rxe4+ 51. Kh5 Rh4# 0-1

[Event "Late-Titled-Tuesday-Blitz-May-28-2024"]
[Site "Chess.com"]
[Date "2024.05.28"]
[Round "2"]
[White "SuanTiltado"]
[Black "RebecaJimnz"]
[Result "0-1"]
[WhiteElo "2511"]
[BlackElo "2300"]
[TimeControl "180+1"]
[EndTime "14:19:07 PDT"]
[Termination "RebecaJimnz won by resignation"]

1. d4 d5 2. c4 c6 3. Nf3 Nf6 4. Nc3 e6 5. Bg5 Be7 6. e3 Nbd7 7. Rc1 O-O 8. Be2 dxc4 9. O-O b5 10. a4 a6 11. e4 h6 12. Bxf6 Nxf6 13. e5 Nd5 14. Ne4 Bb7 15. b3 cxb3 16. Qxb3 Rc8 17. Nc5 Qc7 18. Bd3 Rfd8 19. h4 Nf4 20. g3 Nxd3 21. Qxd3 Qb6 22. Qb3 Rd5 23. axb5 cxb5 24. Ne4 Rcd8 25.
Kg2 R5d7 26. Nc5 Rd5 27. Nxb7 Qxb7 28. Kh2 R5d7 29. Ra1 b4 30. Ra5 Ra8 31. Rfa1 Bd8 32. Rc5 a5 33. Qd3 Rd5 34. Qc4 Rxc5 35. dxc5 Qxf3 36.
Ra2 Bc7 37. Re2 Qd5 38. Qb5 b3 39. Re3 a4 40. Rd3 Qxe5 41. Qb7 Rb8 42. Qxc7 Qxc7 43.
Re3 Qxc5 44. Kg2 Qb6 45. Rxe6 a3 46. Re8+ Rxe8 47. g4 Rb8 48. g5 Qc6+ 49. Kg3 hxg5 50. Kg4 b2 51. Kh5 Qg6+ 52. Kg4 gxh4+ 53. Kh3 Qf5+ 54.
Kh2 Qxf2+ 55. Kh3 Rb3+ 0-1

[Event "Late-Titled-Tuesday-Blitz-May-28-2024"]
[Site "Chess.com"]
[Date "2024.05.28"]
[Round "2"]
[White "Mariia89"]
[Black "Rakitic2010"]
[Result "0-1"]
[WhiteElo "2206"]
[BlackElo "2488"]
[TimeControl "180+1"]
[EndTime "14:19:09 PDT"]
[Termination "Rakitic2010 won on time"]

1. d4 Nf6 2. Nf3 e6 3. Bg5 c5 4.
e3 b6 5. Bd3 Bb7 6. c3 Be7 7.
Nbd2 h6 8. Bh4 O-O 9. Qe2 d6 10. O-O Nc6 11. Rfe1 Rc8 12. h3 Nd7 13. Bxe7 Qxe7 14.
e4 cxd4 15. cxd4 Nb4 16. a3 Nxd3 17. Qxd3 e5 18. b4 Rc7 19. Rac1 Rfc8 20. Rxc7 Rxc7 21.
d5 Qd8 22. Nb3 Qc8 23. Nfd2 Ba6 24. Qb1 Rc3 25. Rc1 f5 26. Rxc3 Qxc3 27. Qc1 Qxc1+ 28.
Nxc1 Nf6 29. f3 fxe4 30. fxe4 Kf7 31. Kf2 g5 32. Ke3 Bb5 33. Na2 h5 34. Nc3 Ba6 35. b5 Bc8 36. Nc4 Ke7 37. a4 Kd7 38. a5 Kc7 39.
axb6+ axb6 40. Nd2 g4 41. hxg4 hxg4 42. Kf2 Nh5 43. g3 Nf6 44. Nf1 Nd7 45. Ne3 Nc5 46. Ke2 Bd7 47. Nf5 Nxe4 48. Nxe4 Bxf5 49. Nc3 Kd7 50. Ke3 Kd8 51. Ne2 Bc2 52. Nc3 Ke7 53. Kf2 Bb3 54. Ke3 Kf6 55. Ke4 Bc2+ 56. Ke3 Kf5 57. Kf2 e4 58. Ke3 Ke5 59. Kd2 Bb3 60.
Ke3 Bxd5 0-1

[Event "Late-Titled-Tuesday-Blitz-May-28-2024"]
[Site "Chess.com"]
[Date "2024.05.28"]
[Round "2"]
[White "sammartin99"]
[Black "Mikhail_Golubev"]
[Result "0-1"]
[WhiteElo "2300"]
[BlackElo "2641"]
[TimeControl "180+1"]
[EndTime "14:19:11 PDT"]
[Termination "Mikhail_Golubev won on time"]

1. d4 Nf6 2. c4 d6 3. Nf3 g6 4. Nc3 Bg7 5. e4 O-O 6. Be2 e5 7. Be3 h6 8. dxe5 Ng4 9. Bf4 Nxe5 10. O-O Nbc6 11. Ne1 Be6 12. Nd5 Re8 13. Rc1 Nd4 14. Qxd4 Nf3+ 15. Nxf3 Bxd4 16. Nxd4 Bxd5 17. exd5 Re4 18.
Be3 Qe7 19. Nc2 Re8 20. Bd3 Re5 21. Bd4 Qh4 22. Bxe5 Rxe5 23. Rce1 Qf4 24. Rxe5 Qxe5 25. b4 Qc3 26. Rd1 a5 27. a3 a4 28. h3 h5 29.
h4 Kg7 30. g3 Qb3 31. Kg2 b5 32. cxb5 Qxd5+ 33. Kg1 Qb3 34. Kf1 Qc3 35. Ke2 Qe5+ 36. Kd2 Qf6 37. Ke2 Qe5+ 38. Kd2 Qf6 39. Rf1 Qe5 40.
f4 Qb2 41. Re1 Kf6 42. Re2 d5 43. Re5 d4 44. Rd5 Kg7 45. Rxd4 Qb3 46. Rd7 Qe6 47. Rxc7 Qg4 48. Rc5 Qxg3 49. b6 Qxf4+ 50. Kc3 Qf6+ 51. Kd2 Qxb6 52. Rb5 Qf6 53. Ra5 Qxh4 54. Rxa4 Qf2+ 55. Kc3 h4 56. Ra7 Qxa7 0-1

[Event "Late-Titled-Tuesday-Blitz-May-28-2024"]
[Site "Chess.com"]
[Date "2024.05.28"]
[Round "2"]
[White "Iuckyducky"]
[Black "robertoalejandro10"]
[Result "1-0"]
[WhiteElo "2261"]
[BlackElo "2498"]
[TimeControl "180+1"]
[EndTime "14:19:14 PDT"]
[Termination "Iuckyducky won on time"]

1. e4 c5 2. Nf3 g6 3. d4 cxd4 4. Qxd4 Nf6 5. Nc3 Nc6 6. Qa4 d6 7. e5 dxe5 8. Nxe5 Bd7 9. Nxd7 Nxd7 10. Be2 Bg7 11. O-O O-O 12. Rd1 Qc8 13. Nd5 Re8 14.
c3 e6 15. Ne3 Nb6 16. Qb3 Ne5 17. a4 Nc6 18. a5 Nd7 19. Nc4 Nc5 20. Qc2 Qc7 21. b4 Nd7 22. Nd6 Red8 23. Bf4 Nde5 24. Nb5 Qe7 25. h3 Rac8 26. a6 Nxb4 27. Rxd8+ Qxd8 28. Qe4 Nbc6 29. axb7 Rb8 30. Nxa7 Nxa7 31. Rxa7 Qc7 32.
Ra8 h6 33. Rxb8+ Qxb8 34. Bxe5 Bxe5 35. c4 Bc7 36. Qc6 Be5 37. Bf3 Qa7 38. Qc8+ Kg7 39.
g3 Qa1+ 40. Kg2 Qa7 41. c5 Qa2 42. c6 Bd4 43. h4 Qxf2+ 44. Kh3 Qf1+ 45. Bg2 Qf5+ 46.
Kh2 Qf2 47. b8=Q Qg1+ 48. Kh3 Kf6 49. Qd8+ Kf5 50. Qxd4 Qxd4 51. c7 h5 52. c8=Q Qg4+ 53. Kh2 Qe2 54. Qc5+ Kf6 55. Qbb5 Qd1 56. Qg5+ Kg7 57.
Qbe5+ Kh7 58. Qef6 Kg8 59. Qd8+ Kh7 60. Qxd1 1-0

[Event "Late-Titled-Tuesday-Blitz-May-28-2024"]
[Site "Chess.com"]
[Date "2024.05.28"]
[Round "2"]
[White "kirillshevchenko"]
[Black "DirtyKabab"]
[Result "1-0"]
[WhiteElo "2899"]
[BlackElo "2565"]
[TimeControl "180+1"]
[EndTime "14:19:15 PDT"]
[Termination "kirillshevchenko won on time"]

1. b3 e5 2. Bb2 Nc6 3. e3 Nf6 4. Bb5 Bd6 5. Na3 Na5 6. Nf3 Qe7 7. Nc4 Nxc4 8. Bxc4 c6 9. Nh4 g6 10. f4 exf4 11. O-O O-O 12. exf4 Bc5+ 13. d4 Ba3 14. Bxa3 Qxa3 15. f5 d5 16. Bd3 Qb4 17. Nf3 Ne4 18.
f6 Nxf6 19. Qc1 Ne4 20. Qh6 Bg4 21. Bxe4 dxe4 22. Ng5 Qxd4+ 23. Kh1 Qg7 24. Qh4 Bf5 25.
g4 Bd7 26. Nxe4 f5 27. Nc5 Rae8 28. Rad1 Bc8 29. g5 f4 30. Rxf4 Rxf4 31. Qxf4 Qf7 32.
Qxf7+ Kxf7 33. Rf1+ Ke7 34. Re1+ Kd8 35. Rxe8+ Kxe8 36. Kg2 Ke7 37. Kf3 Kd6 38. Ne4+ Ke5 39. Nf6 h6 40. h4 hxg5 41. hxg5 Kf5 42. Ne4 Be6 43. c4 b5 44. Ke3 bxc4 45. bxc4 Ke5 46. Nd2 Bf5 47.
Nf3+ Kd6 48. Nh4 Bb1 49. a3 Kc5 50. Nf3 Kxc4 51. Nd2+ Kc3 52. Nxb1+ Kb3 53. Kd4 Kb2 54. Nd2 Kxa3 55. Kc5 a5 56. Nc4+ Kb3 57. Nxa5+ Kc3 58. Nxc6 Kd3 59. Kd5 Ke3 60. Ke5 1-0

[Event "Late-Titled-Tuesday-Blitz-May-28-2024"]
[Site "Chess.com"]
[Date "2024.05.28"]
[Round "2"]
[White "MAGMAchess02"]
[Black "Blitz"]
[Result "0-1"]
[WhiteElo "2272"]
[BlackElo "2519"]
[TimeControl "180+1"]
[EndTime "14:19:15 PDT"]
[Termination "Blitz won on time"]

1. Nf3 d5 2. c4 c6 3. e3 Nf6 4. Nc3 Bf5 5. b3 e6 6. Bb2 h6 7. Be2 Bd6 8. d3 O-O 9. h3 Nbd7 10. g4 Bg6 11. Qd2 e5 12. cxd5 cxd5 13. Nh4 Bh7 14. Nf5 Bc5 15. e4 dxe4 16. dxe4 Bb4 17. Qe3 Qb6 18. Qxb6 axb6 19. f3 Rfc8 20. Kd2 Bxf5 21.
gxf5 Nc5 22. Bc4 b5 23. Bxb5 Bxc3+ 24. Bxc3 Ncxe4+ 25. fxe4 Nxe4+ 26. Ke3 Nxc3 27. Bc4 b5 28. Bd3 Nd5+ 29. Ke2 Nf4+ 30. Ke3 Rc3 31. Rhd1 Rd8 32. a4 Rcxd3+ 33. Rxd3 Rxd3+ 34. Ke4 bxa4 35. bxa4 Rd8 36. Kxe5 Nd3+ 37. Ke4 Nc5+ 38. Kf4 Ra8 39. a5 Kf8 40. h4 Ke7 41. h5 Kf6 42. Ke3 Kxf5 43. Rf1+ Ke6 44. Ra1 Na6 45. Ke4 Kf6 46. Kd5 Ra7 47.
Kc4 Nc7 48. Kc5 Na8 49. Kc6 Kg5 50. a6 f5 51. Ra5 Kg4 52. Ra4+ f4 53. Ra1 f3 54.
Rg1+ Kf4 55. Kb5 f2 56. Rb1 Kf3 57. Rb3+ Kg2 58. Rb2 Kg1 0-1

[Event "Late-Titled-Tuesday-Blitz-May-28-2024"]
[Site "Chess.com"]
[Date "2024.05.28"]
[Round "2"]
[White "whiteshirt_boi"]
[Black "WindWhistler11"]
[Result "1-0"]
[WhiteElo "2800"]
[BlackElo "2542"]
[TimeControl "180+1"]
[EndTime "14:19:18 PDT"]
[Termination "whiteshirt_boi won on time"]

1. e4 e6 2. d3 d5 3. Nc3 Nf6 4.
Nf3 Be7 5. Qe2 b6 6. Be3 Ba6 7. exd5 exd5 8. O-O-O c5 9. Bg5 O-O 10. Ne5 Re8 11. Qf3 Bb7 12. d4 a6 13. Bd3 cxd4 14. Ne2 Nc6 15. Nxc6 Bxc6 16. Nxd4 Bd7 17. h3 h6 18.
Bxf6 Bxf6 19. Qxd5 Qc7 20. c3 Rac8 21. Bf5 Bxf5 22.
Qxf5 Re5 23. Qd3 Rc5 24. Kb1 b5 25. Nb3 Rc4 26. Qd6 Qb7 27. Na5 Qe4+ 28. Qd3 Qxd3+ 29. Rxd3 Rf4 30. f3 Ra4 31. Nb3 b4 32. cxb4 Rxb4 33. Rc1 Rcb8 34. Rd5 Re8 35. Ra5 Re2 36. Rc2 Re1+ 37.
Nc1 Re6 38. Rac5 Reb6 39. Nd3 Rd4 40. Nc1 Rdb4 41. b3 Kh7 42. Rc6 Rxc6 43. Rxc6 a5 44.
Ra6 Rb5 45. Rc6 Rg5 46. Rc2 a4 47. bxa4 Ra5 48. Rc4 Ra7 49. Nb3 Re7 50. a5 Re2 51.
Rc2 Re1+ 52. Rc1 Re2 53. Rc2 Re1+ 54. Nc1 Re5 55. a6 Rb5+ 56. Nb3 Rb6 57. a7 Ra6 58.
Rc7 Kg6 59. a4 Be5 60. Rb7 Bf6 61. Nc5 Rd6 62. a8=Q Rd1+ 63. Kc2 1-0

[Event "Late-Titled-Tuesday-Blitz-May-28-2024"]
[Site "Chess.com"]
[Date "2024.05.28"]
[Round "2"]
[White "HamedWafa4"]
[Black "Caterpiller35"]
[Result "1/2-1/2"]
[WhiteElo "2729"]
[BlackElo "2457"]
[TimeControl "180+1"]
[EndTime "14:19:18 PDT"]
[Termination "Game drawn by repetition"]

1. e4 c5 2. Nf3 Nc6 3. Bb5 g6 4. O-O Bg7 5. Bxc6 bxc6 6. Re1 Nh6 7. c3 O-O 8. d4 cxd4 9. cxd4 d5 10. e5 Bg4 11.
Nbd2 f6 12. Qc2 Qb6 13. h3 Bf5 14. Qc3 fxe5 15. dxe5 c5 16. Nb3 Rac8 17. Bg5 Be4 18.
Nfd2 c4 19. Nd4 Bxe5 20. Be3 Qf6 21. Nxe4 dxe4 22. Rad1 Nf5 23. Qa5 Bxd4 24. Bxd4 Nxd4 25. Qd5+ Ne6 26. Rxe4 Qxf2+ 27. Kh1 c3 28. bxc3 Rxc3 29.
Qxe6+ Qf7 30. Qxf7+ Rxf7 31. Re2 Ra3 32. Rd8+ Kg7 33.
Re8 h5 34. Kh2 h4 35. R8xe7 Rxe7 36. Rxe7+ Kf6 37. Re2 g5 38. Rc2 Kf5 39. Kg1 Kf4 40. Kf2 Kf5 41. Rb2 Kf4 42. Ke1 Kg3 43. Kf1 Kf4 44.
Kf2 Kf5 45. Rc2 Kf4 46. Kg1 Kf5 47. Kh2 Kf4 48. Rc4+ Kf5 49. Rc5+ Kf4 50. Rc2 Kf5 51. Rf2+ Ke4 52. Kg1 Ke5 53. Re2+ Kf4 54. Kf2 Kf5 55.
Rc2 Kf4 56. Rb2 Kf5 57. Ke2 Ke4 58. Rb4+ Kf5 59. Rb2 Ke4 60. Kd2 Kf4 61. Rb4+ Kf5 62. Rb2 Rg3 63. Ke1 Ra3 64. Kf2 Kf4 65. Rb4+ Kf5 66. Rb2 1/2-1/2

[Event "Late-Titled-Tuesday-Blitz-May-28-2024"]
[Site "Chess.com"]
[Date "2024.05.28"]
[Round "2"]
[White "Oleg_Papayan"]
[Black "Beaterawn"]
[Result "1-0"]
[WhiteElo "2597"]
[BlackElo "2361"]
[TimeControl "180+1"]
[EndTime "14:19:18 PDT"]
[Termination "Oleg_Papayan won by resignation"]

1. e4 c5 2. d4 cxd4 3. Qxd4 e6 4. Qd3 Nc6 5. Nc3 Nf6 6. Bf4 Bb4 7. Ne2 d5 8. O-O-O O-O 9. exd5 exd5 10. Nxd5 Nxd5 11. Qxd5 Qb6 12. Be3 Qc7 13. Nd4 Bg4 14. f3 Rac8 15.
Nxc6 Be6 16. Qe4 Qxc6 17. Qxc6 Rxc6 18. a3 Bc5 19. Bxc5 Rxc5 20. Bd3 Rg5 21. g3 Rc8 22.
Be4 b6 23. Rd6 Kf8 24. Rhd1 Ke7 25. Rc6 Rxc6 26. Bxc6 Rh5 27. Rd2 g6 28. f4 Rc5 29.
Be4 a5 30. Kb1 b5 31. b3 h6 32. Kb2 g5 33. fxg5 hxg5 34. Bg2 f5 35. c3 f4 36. b4 axb4 37. axb4 Re5 38. gxf4 gxf4 39. Bf1 Bf5 40. c4 bxc4 41. Bxc4 Kf6 42. b5 Re1 43. Kc3 f3 44. b6 Be4 45. Kd4 Bb7 46. Bd5 Bxd5 47.
Kxd5 Rb1 48. Kc6 Kg5 49. b7 Kf4 50. Kc7 Ke3 51. Rd1 Rxd1 52. b8=Q f2 53. Qe8+ Kf3 54. Qf7+ Kg2 55. Qg6+ Kh1 56. Qe4+ Kxh2 57. Qf4+ Kh3 58. Qf3+ Kh2 59. Qxf2+ Kh3 60. Qf3+ Kh2 61. Qxd1 Kg3 62. Qf1 Kh2 63. Qf3 1-0

[Event "Late-Titled-Tuesday-Blitz-May-28-2024"]
[Site "Chess.com"]
[Date "2024.05.28"]
[Round "2"]
[White "glucolisis04"]
[Black "Alphafischer2019"]
[Result "0-1"]
[WhiteElo "2268"]
[BlackElo "2665"]
[TimeControl "180+1"]
[EndTime "14:19:19 PDT"]
[Termination "Alphafischer2019 won on time"]

1. d4 Nf6 2. c4 c5 3. d5 e5 4.
Nc3 d6 5. g3 g6 6. Bg2 Bg7 7. Nf3 O-O 8. O-O h6 9. e4 Nh7 10. Ne1 f5 11. f4 exf4 12. Bxf4 g5 13.
Bd2 Nd7 14. Nd3 Ne5 15. Nxe5 Bxe5 16. Qc2 f4 17. Ne2 fxg3 18. Nxg3 Bg4 19. Nf5 Bxf5 20. exf5 Qf6 21. Bc3 Rfe8 22. Rae1 Nf8 23. Kh1 Nd7 24. Re3 Re7 25. Rfe1 Rae8 26. Qe2 Kf8 27.
Bxe5 Rxe5 28. Rxe5 Rxe5 29. Be4 Re7 30. Qh5 Ne5 31.
Re2 Nxc4 32. h4 Rg7 33. hxg5 Rxg5 34. Qh3 Ne5 35. Bf3 Qxf5 36. Qxf5+ Rxf5 37. Bg2 Ke7 38. Rd2 h5 39. b4 c4 40. Rc2 h4 41. Kh2 b5 42. a4 a6 43. axb5 axb5 44. Ra2 Nd3 45. Ra7+ Kf6 46. Be4 Rf2+ 47. Kh3 Ke5 48. Bh7 Nf4+ 49.
Kxh4 c3 50. Kg5 Rg2+ 51. Kh4 Nxd5 52. Ra8 Rh2+ 53. Kg5 Rxh7 54. Re8+ Kd4 55. Rc8 Rh2 56.
Kf5 Ne3+ 57. Kf4 Nc4 58. Kg3 c2 0-1

[Event "Late-Titled-Tuesday-Blitz-May-28-2024"]
[Site "Chess.com"]
[Date "2024.05.28"]
[Round "2"]
[White "subham777"]
[Black "jaramsdal"]
[Result "0-1"]
[WhiteElo "2569"]
[BlackElo "2389"]
[TimeControl "180+1"]
[EndTime "14:19:20 PDT"]
[Termination "jaramsdal won by checkmate"]

1. e4 c5 2. Nf3 g6 3. c3 Bg7 4. d4 cxd4 5. cxd4 d5 6. exd5 Nf6 7. Nc3 O-O 8. Bc4 Nbd7 9. d6 exd6 10. O-O Nb6 11.
Bb3 d5 12. h3 Bf5 13. Bg5 h6 14. Bh4 g5 15. Bg3 Ne4 16. Nxe4 dxe4 17. Ne5 Qe7 18. Rc1 Rad8 19. Qh5 Rxd4 20. Ng4 Kh7 21. Ne3 Bg6 22.
Qe2 f5 23. Rc7 Rd7 24. Rxd7 Qxd7 25. Rd1 Qc6 26. Nd5 f4 27. Bh2 Nxd5 28. Bxd5 Qa4 29. Bb3 Qb4 30. Rd7 Bf5 31. Rc7 Rd8 32. g4 Bg6 33.
Rc4 Qe7 34. Bc2 Rd4 35. Rxd4 Bxd4 36. Qc4 Qc5 37. Qxc5 Bxc5 38. Kf1 Kg7 39. Bg1 Kf6 40. Bb3 Bf7 41. Bc2 Ke5 42. b3 Bd5 43. Ke1 b5 44. Kd2 b4 45. a4 bxa3 46. Bb1 Bd4 47. Ba2 a5 48. Kc2 a4 49. Bh2 axb3+ 50. Bxb3 Bxb3+ 51. Kxb3 Bxf2 52. Kxa3 e3 53. Kb3 e2 54. Kc2 e1=Q 55.
Kd3 Qe3+ 56. Kc4 Qxh3 57. Bg1 Bxg1 58. Kb5 Qxg4 59. Kc6 f3 60. Kc7 f2 61. Kd8 Qe6 62.
Kc7 Qd6+ 63. Kc8 Qe7 64. Kb8 f1=Q 65. Ka8 Qff8# 0-1

[Event "Late-Titled-Tuesday-Blitz-May-28-2024"]
[Site "Chess.com"]
[Date "2024.05.28"]
[Round "2"]
[White "KatakuriDono"]
[Black "ManMish2"]
[Result "0-1"]
[WhiteElo "2288"]
[BlackElo "2672"]
[TimeControl "180+1"]
[EndTime "14:19:21 PDT"]
[Termination "ManMish2 won by resignation"]

1. d4 d5 2. c4 e6 3. Nc3 Be7 4.
cxd5 exd5 5. Nf3 Nf6 6. Bg5 c6 7. e3 Bf5 8. Bd3 Bxd3 9. Qxd3 Nbd7 10. Rb1 a5 11. O-O O-O 12. a3 Re8 13. h3 Ne4 14. Bf4 Bd6 15. Bxd6 Nxd6 16. Rfc1 h6 17. Qc2 g6 18.
Nd2 Qg5 19. b4 axb4 20. axb4 b5 21. Ra1 Nb6 22. Nd1 Nbc4 23. Nxc4 bxc4 24. Nc3 Nf5 25. Ne2 Rab8 26. Qc3 Re7 27. Nf4 Rbe8 28. b5 Nxe3 29. fxe3 Rxe3 30. Qd2 Qxf4 31. bxc6 Qg3 32. Qf2 Qxf2+ 33.
Kxf2 R3e6 34. Ra5 Rd6 35. Rc5 Rc8 36. c7 Rd7 37. Ra1 Rcxc7 38. Raa5 Rxc5 39. Rxc5 Kg7 40. Ke2 Kf6 41. Kd2 Ke6 42. Kc3 f5 43. Rc6+ Rd6 44.
Rc8 Kf6 45. Re8 Kg5 46. g3 Kh5 47. Re7 g5 48. Re5 Kg6 49. Re8 f4 50. gxf4 gxf4 51. Rf8 Rf6 52. Rg8+ Kh5 53. Rd8 f3 54. Rxd5+ Kh4 55.
Ra5 f2 56. Ra1 f1=Q 57. Rxf1 Rxf1 58. Kxc4 Rd1 59. d5 Kxh3 60. Kc5 Kg4 61. d6 h5 62. Kc6 h4 63. d7 Rxd7 64. Kxd7 h3 0-1

[Event "Late-Titled-Tuesday-Blitz-May-28-2024"]
[Site "Chess.com"]
[Date "2024.05.28"]
[Round "2"]
[White "whiteglovethief"]
[Black "Abund"]
[Result "0-1"]
[WhiteElo "2544"]
[BlackElo "2813"]
[TimeControl "180+1"]
[EndTime "14:19:23 PDT"]
[Termination "Abund won by resignation"]

1. d4 d5 2. c4 e6 3. Nf3 Nf6 4. g3 dxc4 5. Bg2 c5 6. O-O Nc6 7. Be3 Nd5 8. Bg5 Be7 9. Bxe7 Qxe7 10. Nc3 O-O 11. dxc5 Qxc5 12. Rc1 b5 13. b3 Rd8 14.
Ne4 Qb4 15. Qc2 Ba6 16. bxc4 bxc4 17. Neg5 g6 18. e4 Nb6 19. Rfe1 e5 20. Bf1 h6 21. Nh3 Nd4 22. Qc3 Qxc3 23. Rxc3 Na4 24. Ra3 Bb5 25. Nxe5 Nc2 26. Bxc4 Nxa3 27. Bxf7+ Kg7 28.
Bb3 Re8 29. f4 Nc5 30. Bd5 Rad8 31. Nf2 a6 32. Rc1 Ne6 33. Rc3 Nb1 34. Rc2 Na3 35. Rc3 Nb1 36. Rc2 Re7 37. Nfg4 Rc7 38. Rb2 Rc1+ 39.
Kf2 Nc5 40. Ne3 Nc3 41. Kf3 Re8 42. f5 Rxe5 43. f6+ Kf8 44. Ng4 Rxd5 45. exd5 Nxd5 46. Nxh6 Rf1+ 47. Kg2 Ne3+ 48. Kh3 Rxf6 49. g4 g5 50. Nf5 Nxf5 51. Rf2 Bd7 52. gxf5 Rxf5 53. Kg3 Rxf2 54. Kxf2 Ba4 55. Kg3 Kg7 56. h4 gxh4+ 57. Kxh4 Kf6 58. Kg4 Ke5 59. Kf3 Kd4 60. Ke2 Kc3 0-1